 Dungeon Crawl Stone Soup version 0.22-a0-617-g6d95e9e (webtiles) character file.

0 glosham the Skirmisher (level 1, -7/18 HPs)
             Began as a Demonspawn Abyssal Knight on July 12, 2018.
             Was a Follower of Lugonu.
             Mangled by a tentacled starspawn (12 damage)
             ... on level 2 of the Abyss.
             The game lasted 00:01:50 (75 turns).

glosham the Skirmisher (Demonspawn Abyssal Knight)    Turns: 75, Time: 00:01:51

Health: -7/18      AC:  3    Str: 12    XL:     1   Next: 0%
Magic:  2/2        EV:  8    Int: 13    God:    Lugonu [*.....]
Gold:   0          SH:  0    Dex: 12    Spells: 0/0 levels left

rFire    . . .     SeeInvis .   a - +1 hand axe
rCold    . . .     Gourm    .   (no shield)
rNeg     . . .     Faith    .   b - +0 leather armour
rPois    .         Spirit   .   (no helmet)
rElec    .         Reflect  .   (no cloak)
rCorr    .         Harm     .   (no gloves)
MR       .....                  (no boots)
Stlth    +.........             (no amulet)
HPRegen  0.06/turn              (no ring)
MPRegen  0.08/turn              (no ring)

@: confused, constricted
A: no striking features
a: Depart the Abyss, Renounce Religion


You were on level 2 of the Abyss.
You worshipped Lugonu.
Lugonu was aware of your devotion.
You were not hungry.

You visited 0 branches of the dungeon, and saw 0 of its levels.
You visited the Abyss 1 time.

Inventory:

Hand Weapons
 a - a +1 hand axe (weapon)
Armour
 b - a +0 leather armour (worn)
Comestibles
 c - a ration


   Skills:
 - Level 3.0 Fighting
 - Level 1.7 Axes
 - Level 1.7 Armour
 - Level 0.8 Dodging
 * Level 2.4 Invocations


You couldn't memorise any spells.
You didn't know any spells.
Your spell library was empty.

Dungeon Overview and Level Annotations

Branches:
Dungeon (0/15)

Altars:


Message History

You are more confused.
You completely miss the golden eye.
The golden eye blinks!
The golden eye blinks at you.
You are more confused.
The golden eye blinks at you.
You are more confused.
A tentacle flies out from the starspawn's body!
The golden eye blinks at you.
You are more confused.
A starspawn tentacle comes into view.
A glowing orange brain comes into view.
The golden eye blinks at you.
You are more confused.
You miss the golden eye.
The golden eye blinks!
Tentacles burst from the starspawn's body!
An apocalypse crab comes into view. 2 starspawn tentacles come into view.
You bump into the metal wall.
The golden eye blinks at you.
You are more confused.
The starspawn tentacle grabs you. The starspawn tentacle constricts you.
You're too confused to move!
The starspawn tentacle loses its grip on you.
The tentacle pulls you backwards! The starspawn tentacle grabs you.
The starspawn tentacle constricts you.
The starspawn tentacle's grasp on you weakens, but your attempt to escape fails.
The starspawn tentacle constricts you.
You hit the tentacled starspawn.
The starspawn tentacle loses its grip on you.
The tentacled starspawn is lightly damaged.
You hit the starspawn tentacle.
You hit the glowing orange brain but do no damage.
You barely miss the golden eye.
You hit the starspawn tentacle but do no damage.
The golden eye blinks at you.
You are more confused.
The starspawn tentacle grabs you. The starspawn tentacle constricts you.
The tentacled starspawn bites you. The tentacled starspawn engulfs you!
Ouch! That really hurt!
You die...

.###...###...# #. . .#.
.#.....#.....#.... . .
......... . .. . . #.. #
....#.....#.... #..
#...# #...### . ##.#
##.## ##. # # X#
##..G###...###...### ..
.#.....#..w..#.....#....
......G.@X?............
.#.....#G.w?.#.....# ..
##...###t..### .###...
##.# ##.## ##.## . #.. #
..# #. .# .. #.. #.....#
.. . .. ... ...........
... .. .#. .#.....#...
#. . ## . .###[..


You could see a tentacled starspawn, a glowing orange brain, an apocalypse crab,
2 starspawn tentacles and a golden eye.

Vanquished Creatures (others)
  4 starspawn tentacles (Abyss:2)
4 creatures vanquished.

Notes
Turn   | Place    | Note
-------+----------+-------------------------------------------
     0 | Abyss:1  | glosham the Demonspawn Abyssal Knight began the quest for the Orb.
     0 | Abyss:1  | Reached XP level 1. HP: 18/18 MP: 2/2
    41 | Abyss:2  | Noticed a tentacled starspawn
    58 | Abyss:2  | Noticed a golden eye
    59 | Abyss:2  | Noticed a golden eye
    68 | Abyss:2  | Noticed a glowing orange brain
    71 | Abyss:2  | Noticed an apocalypse crab
    75 | Abyss:2  | Mangled by a tentacled starspawn

Vault maps used:
Abyss:1:  minivault_28

Action                   || total
-------------------------++-------
Melee: Hand axe          ||     3

Table legend:
 A = Spawn XP
 B = Non-spawn XP
 C = Spawn XP percentage of total XP
 D = Spawn monster count
 E = Non-spawn monster count
 F = Spawn count percentage of total count
 G = Total turns spent on level
                    A         B        C        D         E        F      G
               +---------+---------+-------+---------+---------+-------+---------
         Total |       0 |       0 |   N/A |       0 |       0 |   N/A |    75
               +---------+---------+-------+---------+---------+-------+---------
               +---------+---------+-------+---------+---------+-------+---------

Table legend:
 A = Turns spent in this place as a percentage of turns spent in the entire game.
 B = Non-inter-level travel turns spent in this place as a percentage of non-inter-level travel turns spent in the entire game.
 C = Inter-level travel turns spent in this place as a percentage of turns spent in this place.
 D = Turns resting spent in this place as a percentage of non-inter-level travel turns spent in this place.
 E = Turns spent auto-exploring this place as a percentage of non-inter-level travel turns spent in this place.
 F = Non-inter-level travel turns spent in this place divided by the number of levels of this place that you've seen.
                   A       B       C       D       E      F
               +-------+-------+-------+-------+-------+----------------------
         Total | 100.0 | 100.0 |   0.0 |   0.0 |   0.0 |  37.5
         Abyss | 100.0 | 100.0 |   0.0 |   0.0 |   0.0 |  37.5
               +-------+-------+-------+-------+-------+----------------------

Vault maps used:
Abyss:1:  minivault_28
